 Dungeon Crawl Stone Soup version 0.28-a0-1510-gd0f6b136d3 (webtiles) character file.

Game seed: 389797499877123307

297024 testman the Warrior (level 21, 0/170 HPs)
             Began as a Djinni Hedge Wizard on Jan 14, 2022.
             Was an Initiate of Gozag.
             Killed from afar by a crystal guardian (14 damage)
             ... with a crystal bolt
             ... led by a peacekeeper
             ... on level 2 of the Vaults on Jan 15, 2022.
             The game lasted 08:18:15 (49077 turns).

testman the Warrior (Djinni Hedge Wizard)          Turns: 49077, Time: 08:18:16

Health: 0/170      AC: 18    Str: 18    XL:     21   Next: 82%
Gold:   14370      EV: 15    Int: 34    God:    Gozag SH:  7 Dex: 21

rFire   + + .      SeeInvis +   j - +2 falchion "Deso Muefust" {spect, rCorr Str+2 Dex+4 Stlth-}
rCold   . . .      Faith    .   s - +1 buckler
rNeg    . . .      Spirit   .   D - +3 ring mail "Facisk" {Int+6}
rPois   ∞          Reflect  .   P - +1 helmet
rElec   .          Harm     .   A - +2 cloak
rCorr   +          Rampage  .   n - +2 pair of gloves {Dex+3}
Will    ++...                   (boots unavailable)
Stlth   ++........              W - amulet of regeneration
HPRegen 1.18/turn               F - ring of protection from cold
MPRegen 0.00/turn               T - ring "Qelyhiff" {rCorr Str+5 Int+4 SInv Stlth+}

@: gold aura, flying
A: sickness immunity, fire resistance 2, cold vulnerability 1, float, innate
caster, hp casting, extra vitality 1
}: 2/15 runes: serpentine, barnacled
a: Renounce Religion, Potion Petition, Call Merchant, Bribe Branch


You were on level 2 of the Vaults.
You worshipped Gozag.
Gozag was extremely pleased with you.
You visited 6 branches of the dungeon, and saw 33 of its levels.
You also visited: Sewer and Gauntlet.

You collected 15780 gold pieces.
You spent 1410 gold pieces at shops.

Inventory:

Hand Weapons
 j - the +2 falchion "Deso Muefust" (weapon) {spect, rCorr Str+2 Dex+4 Stlth-}
   (You bought it in a shop on level 2 of the Orcish Mines)

   When its wielder attacks, the weapon's spirit leaps out and strikes again.
   The spirit shares a part of any damage it takes with its wielder.
   Str:       It affects your strength (+2).
   Dex:       It affects your dexterity (+4).
   rCorr:     It protects you from acid and corrosion.
   Stlth:     It makes you less stealthy.
 Q - a +7 fustibalus of freezing
Missiles
 p - 64 sling bullets
Armour
 n - a +2 pair of gloves of dexterity (worn)
 s - a +1 buckler (worn)
 A - a +2 cloak (worn)
 D - the +3 ring mail "Facisk" (worn) {Int+6}
   (You found it on level 4 of the Shoals)

   Int:       It affects your intelligence (+6).
 P - a +1 helmet (worn)
Magical Staves
 V - a staff of poison
Jewellery
 c - a +4 ring of protection
 h - an amulet of the acrobat
 q - the ring "Zeosasaa" {Str+6 Dex+4}
   (You took it off a merfolk siren on level 1 of the Shoals)

   [ring of strength]

   Str:       It affects your strength (+6).
   Dex:       It affects your dexterity (+4).
 t - the amulet of Jim Moul {Reflect rPois rCorr SH+5}
   (You found it on level 4 of the Shoals)

   [amulet of reflection]

   It reflects blocked missile attacks.
   rPois:     It protects you from poison.
   rCorr:     It protects you from acid and corrosion.
   SH:        It affects your SH (+5).
 F - a ring of protection from cold (left hand)
 T - the ring "Qelyhiff" (right hand) {rCorr Str+5 Int+4 SInv Stlth+}
   (You bought it in a shop on level 2 of the Orcish Mines)

   [ring of resist corrosion]

   Str:       It affects your strength (+5).
   Int:       It affects your intelligence (+4).
   SInv:      It lets you see invisible.
   rCorr:     It protects you from acid and corrosion.
   Stlth:     It makes you more stealthy.
 W - an amulet of regeneration (around neck)
Wands
 z - a wand of polymorph (12)
 E - a wand of acid (26)
 H - a wand of digging (14)
 I - a wand of paralysis (17)
 M - a wand of charming (11)
 N - a wand of flame (51)
 R - a wand of mindburst (2)
 Y - a wand of iceblast (35)
Scrolls
 a - 3 scrolls of fog
 b - 3 scrolls of summoning
 d - 4 scrolls of magic mapping
 e - 9 scrolls of teleportation
 f - 5 scrolls of fear
 g - 3 scrolls of holy word
 k - 5 scrolls of blinking
 l - a scroll of silence
 C - a scroll of enchant armour
Potions
 i - 6 potions of mutation
 o - 5 potions of berserk rage
 r - 3 potions of haste
 u - 6 potions of cancellation
 v - 6 potions of heal wounds
 w - 5 potions of lignification
 B - 18 potions of curing
 G - 3 potions of invisibility
 J - 4 potions of might
 O - 11 potions of ambrosia
 Z - 5 potions of brilliance
Miscellaneous
 m - a tin of tremorstones (2/2)
 x - a phial of floods (inert)
 y - a phantom mirror
 K - a lightning rod (4/4)
 S - a condenser vane
 U - a box of beasts


   Skills:
 + Level 20.8 Fighting
 - Level 5.2(8.1) Short Blades
 - Level 9.7(10.3) Long Blades
 + Level 12.6 Slings
 + Level 5.9 Armour
 - Level 7.0 Dodging
 - Level 1.5 Stealth
 - Level 4.0 Shields
 + Level 16.6 Spellcasting
 - Level 8.0 Evocations


You couldn't memorise any spells.
You knew the following spells:

 Your Spells              Type           Power      Damage    Failure   Level
a - Magic Dart            Conj           100%       1d8       0%          1
b - Blink                 Tloc           100%       N/A       0%          2
c - Call Imp              Summ           96%        N/A       0%          2
d - Slow                  Hex            100%       N/A       0%          1
e - Conjure Flame         Conj/Fire      96%        6-21      0%          3
f - Mephitic Cloud        Conj/Pois/Air  96%        N/A       0%          3
g - Apportation           Tloc           100%       N/A       0%          1
h - Poisonous Vapours     Pois/Air       100%       N/A       0%          2
i - Ignite Poison         Fire/Tmut/Pois 96%        N/A       0%          3
j - Hailstorm             Conj/Ice       96%        3d19      1%          4
k - Animate Dead          Necr           48%        N/A       1%          4
l - Irradiate             Conj/Tmut      48%        3d30      1%          5
m - Summon Cactus Giant   Summ           48%        N/A       1%          6
n - Orb of Destruction    Conj           48%        9d13      2%          7
o - Simulacrum            Ice/Necr       48%        N/A       1%          6
p - Spellforged Servitor  Conj/Summ      48%        N/A       2%          7
Your spell library was empty.

Dungeon Overview and Level Annotations

Branches:
Dungeon (15/15)            Temple (0/1) D:7            Lair (6/6) D:10
 Shoals (4/4) Lair:4        Snake (4/4) Lair:2        Slime (0/5) Lair:6
    Orc (2/2) D:11            Elf (0/3) Orc:2        Vaults (2/5) D:14
 Depths (0/4) D:15          Sewer (visited)         Gauntlet (visited)
  Crypt: Vaults:2-3

Altars:
Ashenzari
Cheibriados
Fedhas
Gozag
Hepliaklqana
Kikubaaqudgha
Nemelex Xobeh
Okawaru
Trog
Uskayaw
Xom
Yredelemnul
The Shining One
Beogh

Shops:
D:13 ?   Orc:2 *!**(?   Shoals:1 =   Shoals:4 *   Snake:1 (   Snake:3 ::=

Annotations:
D:8 exclusion: ice statue
D:14 1 runed translucent door, Jeschemp's ghost, journeyman MiBe; Roxanne
D:15 2 transporters, Lorph's ghost, journeyman MiBe
Lair:1 1 runed translucent door, Ecyzas's ghost, journeyman TeCj
Shoals:1 1 runed translucent door
Orc:2 exclusion: ice statue


Innate Abilities, Weirdness & Mutations

You are immune to sickness and miasma.
You are immune to poison.
Your flesh is very heat resistant. (rF++)
You are vulnerable to cold. (rC-)
You float through the air rather than walking.
You learn spells naturally, not from books.
Your magical power is your life essence.
You have superior vitality. (+4 MHP)


Message History

The peacekeeper is heavily damaged.
Your +2 falchion "Deso Muefust" {spect, rCorr Str+2 Dex+4 Stlth-} completely misses the peacekeeper.
The peacekeeper misses you. You block the peacekeeper's attack.
The crystal guardian barely misses your +2 falchion "Deso Muefust" {spect, rCorr Str+2 Dex+4 Stlth-}.
You hit the peacekeeper but do no damage.
The peacekeeper is moderately damaged.
Your +2 falchion "Deso Muefust" {spect, rCorr Str+2 Dex+4 Stlth-} hits the peacekeeper but does no damage.
You block the peacekeeper's attack. x2
The crystal guardian fires a crystalline bolt at you.
The crystal bolt misses you.
Aiming: Throw Flame
Press: ? - help, Shift-Dir - straight line, f - crystal guardian, p - peacekeeper
Aim: a crystal guardian (strong, ally target, 100% to hit)
The puff of flame hits the crystal guardian but does no damage.
You carefully extract the barbed spikes from your body.
You block the peacekeeper's attack.
The peacekeeper claws you but does no damage.
Your cactus giant hits the crystal guardian but does no damage.
The peacekeeper bites you but does no damage.
The peacekeeper claws you.
* * * LOW HITPOINT WARNING * * *
The crystal guardian fires a crystalline bolt at you.
The crystal bolt freezes you!!
* * * LOW HITPOINT WARNING * * *
Press: ? - help, v - describe, . - travel
Here: a peacekeeper (moderately damaged, ally target)
The floor.
Unknown command.
Aim the phial where?
Press: ? - help, Shift-Dir - straight line, f/p - crystal guardian
Aim: a crystal guardian (strong, ally target)
The torrent of water hits the crystal guardian!
The crystal guardian is moderately damaged.
The wave splashes down.
You block the peacekeeper's attack. x2
Your spellforged servitor conjures an orb of pure magic.
The wavering orb of destruction weakly hits the peacekeeper!
The crystal guardian fires a crystalline bolt at you.
The crystal bolt burns you! You resist.
You die...
Your body crumbles into a pile of gold.

#......#.#'######..#
#......#........#........
#......#........###########.
#......#....................
#'######............c.......
.....................c......
............................
##############'#####'##### #
#..@§9≈≈....# ## #########
#..≈9≈C≈....# .###.......#
#..9§≈≈≈..$.# ..##.......#
#...........# ..##.......#
#......$....# ...'?......#
#.....$.$...# .(.#.......#
######+###### ...#.......#
....# ...#########


You could see a crystal guardian (strong, ally target), a peacekeeper (ally
target), a friendly spellforged servitor (summoned) and a friendly cactus giant
(summoned).

Vanquished Creatures
  Rupert (Orc:2)
  A sphinx (Vaults:2)
  Gastronok (Orc:1)
  6 krakens (Shoals:1)
  Kirke (D:15)
  Agnes (D:14)
  A nagaraja (Snake:4)
  Ilsuiw (Shoals:4)
  3 vault wardens
  Aizul (Snake:2)
  An orc warlord (Orc:1)
  2 war gargoyles (Vaults:2)
  6 ironbound preservers
  An ironbound thunderhulk (Vaults:1)
  Azrael (Orc:2)
  4 dire elephants (Vaults:2)
  A minotaur (Gauntlet)
  Snorg (Orc:2)
  An ettin (shapeshifter) (D:14)
  9 merfolk javelineers
  Josephine (Orc:1)
  15 merfolk impalers
  2 yaktaur captains (Vaults:1)
  A great orb of eyes (Vaults:1)
  13 naga warriors
  14 hydras
  6 boulder beetles
  6 salamander tyrants (Snake:4)
  A rakshasa (D:15)
  A peacekeeper (Vaults:2)
  2 catoblepae
  13 centaur warriors
  An ironbound frostheart (Vaults:2)
  5 merfolk aquamancers
  An ogre mage (D:15)
  2 satyrs
  9 merfolk avatars
  3 tengu warriors
  12 anacondas
  10 two-headed ogres
  An alligator (Snake:1)
  An alligator snapping turtle (Shoals:4)
  A death knight (D:15)
  A shock serpent (Snake:4)
  Urug (Orc:1)
  11 naga sharpshooters
  6 salamander mystics
  4 skeletal warriors (D:14)
  20 sea snakes
  27 deep trolls
  A glowing orange brain (D:15)
  13 harpies
  5 naga ritualists
  3 orc knights
  4 wizards
  7 mana vipers
  2 lindwurms (Vaults:1)
  A shining eye (Gauntlet)
  3 deep elf zephyrmancers (Orc:2)
  6 ironbound convokers
  12 ugly things
  10 orc sorcerers
  A shining eye (shapeshifter) (D:14)
  7 deep elf pyromancers
  19 salamanders
  A wolf spider (D:14)
  7 cyclopes
  14 manticores
  12 fauns (Shoals:3)
  6 guardian serpents
  10 elephants
  A moth of wrath (Gauntlet)
  3 centaur zombies
  Maurice (Orc:2)
  9 water nymphs
  19 merfolk sirens
  39 black mambas
  3 torpor snails
  16 naga magi
  A gargoyle (D:11)
  4 vault sentinels
  An unseen horror (D:11)
  14 cane toads
  3 efreet
  Psyche (D:11)
  4 rime drakes
  A yaktaur (shapeshifter) (D:14)
  3 tengu conjurers (D:13)
  8 yaktaurs
  11 komodo dragons
  4 trolls
  A queen bee (shapeshifter) (D:13)
  A wind drake (shapeshifter) (Vaults:1)
  A queen bee (D:10)
  2 polar bears
  2 tyrant leeches (Snake:1)
  Prince Ribbit (D:7)
  10 wind drakes
  2 hornets (D:8)
  46 merfolk
  A polar bear (shapeshifter) (D:15)
  32 blink frogs
  11 slime creatures
  Grinder (D:3)
  15 snapping turtles
  13 dream sheep
  A centaur simulacrum (D:14)
  6 water elementals
  53 yaks
  4 wraiths
  A yak (shapeshifter) (D:11)
  A hog (shapeshifter) (D:14)
  2 wyverns
  A fire elemental (Orc:2)
  4 basilisks
  13 vampire mosquitoes
  2 steam dragons
  41 nagas
  2 acid dragons
  6 wargs
  2 swamp worms (Snake:1)
  19 water moccasins
  A hell hound (Orc:2)
  A floating eye (Gauntlet)
  2 swamp drakes
  A black bear (shapeshifter) (D:14)
  2 sky beasts (D:7)
  3 black bears
  An ice beast (D:6)
  20 orc warriors
  A necrophage (D:8)
  15 wolves
  12 ogres
  15 centaurs
  The ghost of voltaire321 the Sneak, an amateur KoEn (D:3)
  24 bullfrogs
  2 scorpions
  A water moccasin zombie (D:7)
  A water moccasin skeleton (D:4)
  29 killer bees
  16 wights
  4 howler monkeys
  3 electric eels
  A bullfrog zombie (D:6)
  10 jellies
  A lava snake (D:15)
  2 bullfrog skeletons (D:6)
  A hound (D:5)
  14 orc priests
  A gnoll shaman (D:6)
  Ijyb (D:3)
  5 iguanas
  38 orc wizards
  A hound skeleton (D:4)
  8 gnolls
  13 adders
  2 white imps
  7 ufetubi
  2 worms
  72 orcs
  11 endoplasms
  15 giant cockroaches
  2 hobgoblins
  7 quokkas
  16 ball pythons
  4 bats
  21 frilled lizards
  4 goblins
  2 goblin skeletons (D:4)
  2 goblin zombies (D:4)
  2 hobgoblin zombies (D:4)
  6 kobolds
  3 kobold skeletons (D:4)
  An orc skeleton (D:4)
  An orc zombie (D:4)
  5 rats
1258 creatures vanquished.

Vanquished Creatures (collateral kills)
  A bone dragon (Vaults:2)
  The ghost of shittywizard the Warrior, an adept TeBe of Trog (Vaults:1)
  A merfolk impaler (Shoals:4)
  A green death (Gauntlet)
  A yaktaur captain (Vaults:2)
  A naga warrior (Snake:4)
  A naga sharpshooter (Snake:3)
  A harpy (Vaults:1)
  2 swamp dragons (Snake:1)
  A freezing wraith (D:13)
  A yak (D:12)
  A fire elemental (Orc:2)
  11 vampire mosquitoes
  3 wargs (Orc:2)
  A hell hound (Orc:2)
  An acid dragon (D:10)
  A wolf (Gauntlet)
  An orc priest (D:5)
  2 orc wizards (Orc:2)
  4 orcs (Orc:2)
  2 quokkas (D:5)
39 creatures vanquished.

Vanquished Creatures (others)
  An orc wizard (Orc:1)
  An orc (Orc:1)
  41 fungi
  185 plants
  56 tentacles (Shoals:1)
284 creatures vanquished.

Grand Total: 1581 creatures vanquished

Notes
Turn   | Place    | Note
-------+----------+-------------------------------------------
     0 | D:1      | testman the Djinni Hedge Wizard began the quest for the
                  | Orb.
     0 | D:1      | Reached XP level 1. HP: 15/15 MP: 0/0
   512 | D:1      | Reached XP level 2. HP: 11/22 MP: 0/0
   676 | D:1      | Reached skill level 1 in Fighting
  1203 | D:1      | Reached XP level 3. HP: 22/27 MP: 0/0
  1203 | D:1      | Learned a level 1 spell: Apportation
  1754 | D:2      | Reached skill level 2 in Fighting
  1887 | D:2      | Found a faded altar of an unknown god.
  1897 | D:2      | Prayed at the altar of an unknown god.
  1897 | D:2      | Became a worshipper of Gozag Ym Sagoz the Greedy
  2036 | D:2      | Reached XP level 4. HP: 30/33 MP: 0/0
  2956 | D:3      | Noticed Grinder
  2986 | D:3      | Paralysed by Grinder for 4 turns
  3000 | D:3      | Paralysed by Grinder for 3 turns
  3004 | D:3      | Killed Grinder
  3005 | D:3      | Reached skill level 4 in Fighting
  3005 | D:3      | Reached XP level 5. HP: 28/41 MP: 0/0
  3005 | D:3      | Learned a level 2 spell: Poisonous Vapours
  3005 | D:3      | Reached XP level 6. HP: 32/47 MP: 0/0
  3121 | D:3      | Found an opulent altar of Gozag.
  3247 | D:3      | Found a sparkling altar of Nemelex Xobeh.
  3358 | D:3      | Noticed Ijyb
  3384 | D:3      | Killed Ijyb
  3710 | D:3      | Found a runed translucent door.
  3710 | D:3      | Noticed voltaire321's ghost (amateur KoEn)
  3724 | D:3      | Killed voltaire321's ghost
  3725 | D:3      | Reached XP level 7. HP: 39/53 MP: 0/0
  3725 | D:3      | Learned a level 3 spell: Ignite Poison
  3859 | D:3      | HP: 2/53 [ufetubus (1)]
  4666 | D:4      | Reached skill level 5 in Fighting
  4871 | D:4      | Found a broken altar of Ashenzari.
  4915 | D:4      | Reached skill level 5 in Spellcasting
  5101 | D:4      | Found a glowing golden altar of the Shining One.
  5324 | D:4      | Reached XP level 8. HP: 60/60 MP: 0/0
  5401 | D:4      | Found a hazy altar of Hepliaklqana.
  5779 | D:5      | Entered Level 5 of the Dungeon
  5975 | D:5      | Found a glowing drain.
  5990 | Sewer    | Entered a sewer
  6451 | Sewer    | Reached skill level 6 in Fighting
  7873 | D:5      | Reached skill level 7 in Fighting
  7881 | D:5      | Reached XP level 9. HP: 44/68 MP: 0/0
  7881 | D:5      | Learned a level 4 spell: Hailstorm
  9038 | D:6      | Reached skill level 8 in Fighting
  9570 | D:6      | Found a bloodstained altar of Trog.
 10697 | D:7      | Reached skill level 9 in Fighting
 10791 | D:7      | Reached XP level 10. HP: 37/78 MP: 0/0
 10979 | D:7      | Found a staircase to the Ecumenical Temple.
 11591 | D:7      | Reached skill level 10 in Fighting
 11885 | D:7      | Noticed Prince Ribbit
 11890 | D:7      | Killed Prince Ribbit
 12013 | D:7      | Found a basalt altar of Yredelemnul.
 12065 | D:7      | Found an iron altar of Okawaru.
 12115 | D:7      | Reached skill level 1 in Shields
 12505 | D:8      | Noticed an ice devil
 12507 | D:8      | Noticed an ice devil
 12507 | D:8      | Noticed an ice devil
 12508 | D:8      | Noticed an ice statue
 12508 | D:8      | Noticed an ice devil
 12509 | D:8      | Noticed an ice devil
 12515 | D:8      | Noticed an ice devil
 13620 | D:8      | Reached XP level 11. HP: 35/86 MP: 0/0
 13620 | D:8      | Learned a level 4 spell: Animate Dead
 14168 | D:9      | Reached skill level 11 in Fighting
 14245 | D:9      | Identified the +6 quarterstaff of Integrity {vorpal, Will+}
 14248 | D:9      | Found a hide-covered altar of Uskayaw.
 14715 | D:9      | Found a snail-covered altar of Cheibriados.
 15124 | D:10     | Entered Level 10 of the Dungeon
 15218 | D:10     | Found a staircase to the Lair.
 16024 | D:10     | Reached skill level 1 in Evocations
 16909 | Lair:1   | Entered Level 1 of the Lair of Beasts
 16988 | Lair:1   | Reached skill level 12 in Fighting
 17206 | Lair:1   | Found a runed translucent door.
 17206 | Lair:1   | Noticed Ecyzas's ghost (journeyman TeCj)
 17462 | Lair:1   | Reached XP level 12. HP: 82/95 MP: 0/0
 17466 | Lair:1   | Noticed an eight-headed hydra
 17473 | Lair:1   | Killed an eight-headed hydra
 17474 | Lair:1   | Reached skill level 10 in Spellcasting
 18132 | Lair:1   | Reached skill level 5 in Evocations
 18792 | Lair:2   | Reached skill level 1 in Slings
 19151 | Lair:2   | Found a staircase to the Snake Pit.
 19791 | Lair:3   | Reached skill level 13 in Fighting
 20401 | Lair:3   | Reached XP level 13. HP: 96/103 MP: 0/0
 20401 | Lair:3   | Learned a level 5 spell: Irradiate
 20861 | Lair:3   | Noticed an eight-headed hydra
 20867 | Lair:3   | Killed an eight-headed hydra
 21625 | Lair:4   | Identified the +1 cloak "Koilol" {rPois}
 21852 | Lair:4   | Noticed a five-headed hydra
 21859 | Lair:4   | Killed a five-headed hydra
 22014 | Lair:4   | Found a staircase to the Shoals.
 22031 | Lair:4   | Reached skill level 14 in Fighting
 22143 | Lair:4   | Noticed an eight-headed hydra
 22155 | Lair:4   | Killed an eight-headed hydra
 22359 | Lair:4   | You are sucked into a shaft and drop 2 floors!
 22359 | Lair:6   | Entered Level 6 of the Lair of Beasts
 22756 | Lair:4   | Reached XP level 14. HP: 103/112 MP: 0/0
 23860 | Lair:5   | Reached skill level 5 in Dodging
 24152 | Lair:6   | Found a staircase to the Slime Pits.
 24386 | Lair:6   | Reached skill level 15 in Fighting
 24669 | Lair:6   | Reached skill level 1 in Short Blades
 24962 | Lair:6   | Reached XP level 15. HP: 120/120 MP: 0/0
 24962 | Lair:6   | Learned a level 6 spell: Summon Cactus Giant
 25480 | D:11     | Found a staircase to the Orcish Mines.
 25844 | D:11     | Reached XP level 16. HP: 118/126 MP: 0/0
 26136 | D:11     | Noticed Psyche
 26138 | D:11     | Killed Psyche
 26139 | D:11     | Reached skill level 5 in Short Blades
 27087 | D:13     | Found Ziutetoo's Magic Scroll Boutique.
 27122 | D:13     | Found a gate leading to a gauntlet.
 27141 | Gauntlet | Entered a Gauntlet
 27141 | Gauntlet | Found a large runed translucent door.
 27141 | Gauntlet | Found a large runed translucent door.
 27141 | Gauntlet | Found a large runed translucent door.
 27141 | Gauntlet | Found a large runed translucent door.
 27141 | Gauntlet | Found a transporter.
 27141 | Gauntlet | Found a runed translucent door.
 27141 | Gauntlet | Found a large runed translucent door.
 27141 | Gauntlet | Found a large runed translucent door.
 27141 | Gauntlet | Found a large runed translucent door.
 27141 | Gauntlet | Found a large runed translucent door.
 27141 | Gauntlet | Found a runed translucent gate.
 27141 | Gauntlet | Found a runed translucent gate.
 27141 | Gauntlet | Found a transporter.
 27141 | Gauntlet | Found a transporter.
 27146 | Gauntlet | Found a runed translucent door.
 27161 | Gauntlet | Found a transporter.
 27164 | Gauntlet | Found a transporter.
 27172 | Gauntlet | Found a transporter.
 27175 | Gauntlet | Found a transporter.
 27183 | Gauntlet | Found a transporter.
 27203 | Gauntlet | Found a transporter.
 27225 | Gauntlet | Found a transporter.
 27225 | Gauntlet | Found a transporter.
 27235 | Gauntlet | Found a transporter.
 27239 | Gauntlet | Found a runed translucent gate.
 27240 | Gauntlet | Found a large runed translucent door.
 27240 | Gauntlet | Found a large runed translucent door.
 27241 | Gauntlet | Found a large runed translucent door.
 27242 | Gauntlet | Found a large runed translucent door.
 27243 | Gauntlet | Found a large runed translucent door.
 27243 | Gauntlet | Found a large runed translucent door.
 27244 | Gauntlet | Found a large runed translucent door.
 27245 | Gauntlet | Found a large runed translucent door.
 27494 | Gauntlet | Identified the +1 hat of Activism {-Cast Rampage Dex+4
                  | Stlth+}
 27608 | Gauntlet | Identified the +0 pair of boots of the Wheelwright
                  | {Rampage}
 27660 | D:13     | Found a blossoming altar of Fedhas.
 27942 | D:13     | Reached skill level 16 in Fighting
 28699 | Orc:1    | Entered Level 1 of the Orcish Mines
 29086 | Orc:2    | Entered Level 2 of the Orcish Mines
 29086 | Orc:2    | Found Qiteuffu's General Store.
 29088 | Orc:2    | Found Ruroidd's Specific Store.
 29097 | Orc:2    | Bought the ring "Qelyhiff" {rCorr Str+5 Int+4 SInv Stlth+}
                  | for 740 gold pieces
 29187 | Orc:2    | Found a staircase to the Elven Halls.
 29295 | Orc:2    | Noticed Rupert
 29318 | Orc:2    | Killed Rupert
 29328 | Orc:2    | Noticed Maurice
 29341 | Orc:2    | Killed Maurice
 29513 | Orc:2    | Found Vyozasux's Antique Weapon Emporium.
 29513 | Orc:2    | Found Ytongis's Magic Scroll Shop.
 29529 | Orc:2    | Bought a scroll of fear for 45 gold pieces
 29529 | Orc:2    | Bought a scroll of enchant armour for 97 gold pieces
 29587 | Orc:2    | Found Tagu's Assorted Antiques.
 29587 | Orc:2    | Found Waofu's Distillery.
 29602 | Orc:2    | Bought a potion of curing for 33 gold pieces
 29602 | Orc:2    | Bought a potion of curing for 33 gold pieces
 29602 | Orc:2    | Bought a potion of cancellation for 88 gold pieces
 29602 | Orc:2    | Bought a potion of curing for 33 gold pieces
 29611 | Orc:2    | Bought a scroll labelled XYW YNLIAMN for 35 gold pieces
 29611 | Orc:2    | Bought a masterwork falchion for 280 gold pieces
 29611 | Orc:2    | Identified the +2 falchion "Deso Muefust" {spect, rCorr
                  | Str+2 Dex+4 Stlth-} (You bought it in a shop on level 2 of
                  | the Orcish Mines)
 29650 | Orc:2    | Bought a scroll of identify for 26 gold pieces
 29758 | Orc:2    | Noticed Snorg
 29765 | Orc:2    | Killed Snorg
 29782 | Orc:2    | Reached XP level 17. HP: 69/135 MP: 0/0
 29782 | Orc:2    | Learned a level 7 spell: Orb of Destruction
 29801 | Orc:2    | Noticed Azrael
 29809 | Orc:2    | Killed Azrael
 29810 | Orc:2    | Reached skill level 17 in Fighting
 30392 | Orc:1    | Noticed Urug
 30406 | Orc:1    | Reached skill level 1 in Long Blades
 30409 | Orc:1    | Killed Urug
 30734 | Orc:1    | Noticed Gastronok
 30740 | Orc:1    | Killed Gastronok
 30753 | Orc:1    | Noticed Josephine
 30758 | Orc:1    | Killed Josephine
 31080 | Snake:1  | Entered Level 1 of the Snake Pit
 32450 | Snake:1  | Found Jiebak's Weapon Shoppe.
 32626 | Snake:2  | Noticed Aizul
 32633 | Snake:2  | Killed Aizul
 33470 | Snake:2  | Reached skill level 5 in Long Blades
 33823 | Snake:3  | Reached XP level 18. HP: 129/144 MP: 0/0
 33849 | Snake:3  | Reached skill level 18 in Fighting
 34711 | Snake:3  | Found Roiguw's Book Boutique.
 34724 | Snake:3  | Found Heisch's Jewellery Shoppe.
 34725 | Snake:3  | Found Xuufile's Book Boutique.
 36044 | Snake:4  | Entered Level 4 of the Snake Pit
 36044 | Snake:4  | Found a shimmering altar of Xom.
 36402 | Snake:4  | Found a transporter.
 36404 | Snake:4  | Found a transporter.
 36570 | Snake:4  | Found a transporter.
 36573 | Snake:4  | Found a transporter.
 36606 | Snake:4  | Found a transporter.
 38174 | Snake:4  | Found a transporter.
 38617 | Snake:4  | Reached XP level 19. HP: 65/152 MP: 0/0
 38617 | Snake:4  | Learned a level 6 spell: Simulacrum
 38835 | Snake:4  | Got a serpentine rune of Zot
 38922 | Snake:4  | Reached skill level 15 in Spellcasting
 39215 | Shoals:1 | Entered Level 1 of the Shoals
 39563 | Shoals:1 | Found Jaet's Jewellery Boutique.
 40126 | Shoals:1 | Reached skill level 19 in Fighting
 40327 | Shoals:1 | Reached skill level 10 in Slings
 40489 | Shoals:1 | Found a runed translucent door.
 40492 | Shoals:1 | Identified the ring "Zeosasaa" {Str+6 Dex+4}
 42517 | Shoals:4 | Entered Level 4 of the Shoals
 42517 | Shoals:4 | Found Gcuacum's Goods Gallery.
 42522 | Shoals:4 | Reached XP level 20. HP: 155/160 MP: 0/0
 43539 | Shoals:4 | Identified the amulet of Jim Moul {Reflect rPois rCorr
                  | SH+5}
 43691 | Shoals:4 | Noticed Ilsuiw
 43696 | Shoals:4 | Killed Ilsuiw
 43989 | Shoals:4 | Identified the +3 ring mail "Facisk" {Int+6}
 44027 | Shoals:4 | Got a barnacled rune of Zot
 44370 | D:14     | Noticed Agnes
 44373 | D:14     | Killed Agnes
 44409 | D:14     | Identified Roxanne's Tome of Clay
 44409 | D:14     | Noticed Roxanne
 44451 | D:14     | Reached skill level 20 in Fighting
 44544 | D:14     | Found a gate to the Vaults.
 44876 | D:14     | Found a runed translucent door.
 44876 | D:14     | Found a shimmering altar of Xom.
 44876 | D:14     | Noticed Jeschemp's ghost (journeyman MiBe)
 45229 | D:15     | Entered Level 15 of the Dungeon
 45376 | D:15     | Reached skill level 1 in Armour
 45479 | D:15     | Noticed Kirke
 45732 | D:15     | Found a transporter.
 45735 | D:15     | Noticed Lorph's ghost (journeyman MiBe)
 45751 | D:15     | Found a transporter.
 45873 | D:15     | Found a staircase to the Depths.
 46049 | D:15     | Reached XP level 21. HP: 160/168 MP: 0/0
 46049 | D:15     | Learned a level 7 spell: Spellforged Servitor
 46399 | D:15     | Killed Kirke
 46471 | Vaults:1 | Entered Level 1 of the Vaults
 47439 | Vaults:1 | Found a runed translucent door.
 47441 | Vaults:1 | Noticed shittywizard's ghost (adept TeBe)
 47469 | Vaults:1 | Killed shittywizard's ghost
 48159 | Vaults:2 | Reached skill level 5 in Armour
 48843 | Vaults:2 | Noticed a bone dragon
 48871 | Vaults:2 | Killed a bone dragon
 49077 | Vaults:2 | Killed from afar by a crystal guardian

Illustrated notes

Levels and vault maps discovered:
D:1:      dpeg_arrival_castle, layout_basic, minmay_strange_pillars,
          minmay_lizard_pond
D:2:      layout_basic, shapermc_ecumenical_altar_rom_forum
D:3:      layout_rooms, marbit_many_paths, nicolae_gozag_seed_capital,
          gammafunk_ghost_grave, uniq_grinder, uniq_ijyb
D:4:      layout_loops_ring, nicolae_tso_besieged_by_evil,
          nicolae_hepliaklqana_hippocampus, mainiacjoe_overflow_boulevard
D:5:      layout_loops_cross, portal_sewer_entry_f
D:6:      layout_gridville, trog_ov_bears_minmay, pf_just_have_faith,
          chequers_serial_rivers_micro_c
D:7:      layout_basic, general_overflow_altar,
          mainiacjoe_overflow_six_doors_small, minmay_temple_entry_grid,
          kennysheep_nub, minmay_misc_feat_plants, uniq_prince_ribbit1
D:8:      cheibrodos_frozen_isle, layout_basic
D:9:      layout_basic, nicolae_uskayaw_suspiria, lemuel_doored_altar
D:10:     layout_grid_maze, lair_entry_dummy, special_room [special_room_bee]
D:11:     minmay_ornate_pinched, layout_cave_pools, hiddenorc1_lemuel,
          uniq_psyche
D:12:     layout_small_grid
D:13:     minmay_crescents, layout_irregular_city, serial_shops,
          kennysheep_mini, gauntlet_entry_generic, fungi_pond_lemuel,
          serial_park_tiny_1, fedhas_altar_1
D:14:     layout_gridville, david_vaults_2, corexii_hall_statues_u,
          ebering_ghost_xom, uniq_roxanne, uniq_agnes
D:15:     gammafunk_enter_depths_forms, layout_basic, gammafunk_ghost_mausoleum,
          grunt_decor_junction, grunt_ministairs_14, uniq_kirke
Lair:1:   layout_loops_ring, hellmonk_ghost_happy_afterlife
Lair:2:   layout_small_grid, minmay_snake_entry_guardpost_medium, special_room,
          lemuel_fruit_fields
Lair:3:   layout_loops_ring, special_room
Lair:4:   layout_cave_pods, minmay_shoals_entry_hut,
          chequers_serial_rivers_marsh, chequers_serial_rivers_room_a,
          grunt_forest_stairs_basic, guppyfry_lair_drakes
Lair:5:   layout_small_grid, serial_bayou_shore_b
Lair:6:   gammafunk_lair_ancient_temple, layout_small_grid,
          minmay_slime_entry_jelly_boxes, infiniplex_staircase_pool
Shoals:1: nicolae_shoals_lighthouse, layout_shoals, serial_shops, shop
Shoals:2: layout_shoals
Shoals:3: layout_shoals
Shoals:4: shoals_end_simple, layout_shoals, shoals_ilsuiw_ice,
          nicolae_shoals_seven_spires, nicolae_alphabet_shops
Snake:1:  onia_ninara_swampy_vault, layout_misc_corridors, serial_shops,
          nicolae_shop_bloodbath_and_beyond, lemuel_fruit_tree
Snake:2:  layout_basic, serial_bayou_lagoon_b, uniq_aizul
Snake:3:  layout_layer_cave, minmay_shop_grove
Snake:4:  grunt_snake_rune_pools, layout_layer_cave, basic_altar,
          grunt_ministairs_2, nicolae_snake_round_shape_thing,
          serial_bayou_ford_a, serial_nicolae_subway,
          nicolae_sub_station_crystal, nicolae_sub_station_metal,
          nicolae_sub_station_stone
Orc:1:    layout_caves, uniq_gastronok, uniq_josephine, uniq_urug
Orc:2:    st_orc_town, layout_caves, serial_shops, statue_bzr,
          nicolae_specific_store, elves_outpost_lemuel, uniq_azrael, uniq_snorg,
          uniq_rupert, uniq_maurice
Vaults:1: ebering_ghost_reflecting_pool, ontoclasm_vaults_idyll,
          nicolae_vaults_bisected_slash, v_misc_10, grunt_vaults_focal,
          nicolae_vaults_border_crossing, nicolae_vaults_ring_of_whatevers,
          nicolae_vaults_ninety_degrees, layout_vaults_quadrants
Vaults:2: vaults_dpeg_diagonal, v_misc_27, vaults_mumra_chevron,
          hangedman_vaults_capsules, minmay_crypt_entry_nasty_monster,
          nicolae_vaults_stairing_the_circle, ontoclasm_vaults_fault,
          nicolae_vaults_back_hallway, nicolae_vaults_shelves_hall,
          nicolae_vaults_theta, vaults_dpeg_encased_lava, layout_vaults_omnibox

Skill      XL: |  1  2  3  4  5  6  7  8  9 10 11 12 13 14 15 16 17 18 19 20 21 |
---------------+----------------------------------------------------------------+-----
Fighting       | 1 2 4 5 7 9 10 12 13 14 15 16 17 18 19 20 | 20.8
Spellcasting   | 3 4 5 6 7 8 9 10 11 12 13 14 15 16 | 16.6
Shields        | 3 4 |  4.0
Evocations     | 3 6 8 |  8.0
Slings         | 2 4 6 7 8 9 10 11 12 | 12.6
Dodging        | 4 7 |  7.0
Short Blades   | 4 5 |  5.2
Long Blades    | 5 7 9 |  9.7
Armour         | 2 5 |  5.9
Stealth        | |  1.5

Action                   |  1- 3 |  4- 6 |  7- 9 | 10-12 | 13-15 | 16-18 | 19-21 || total
-------------------------+-------+-------+-------+-------+-------+-------+-------++-------
Melee: Dagger            |    17 |       |       |       |       |       |       ||    17
       Short sword       |    16 |    57 |   173 |   119 |   124 |    86 |       ||   575
       Punch             |       |     1 |       |       |       |       |       ||     1
       Staff             |       |       |       |       |    11 |       |       ||    11
       Falchion          |       |       |       |       |       |   228 |   151 ||   379
 Fire: Hunting sling     |       |    30 |   109 |    64 |       |       |       ||   203
       Fustibalus        |       |       |       |    14 |   102 |   344 |    14 ||   474
 Cast: Magic Dart        |    60 |    21 |    25 |    51 |    18 |    10 |     2 ||   187
       Call Imp          |     1 |     3 |     3 |     3 |     4 |     2 |       ||    16
       Slow              |     1 |     4 |    13 |     2 |     4 |     1 |     2 ||    27
       Conjure Flame     |       |     2 |    17 |    26 |    12 |    19 |     6 ||    82
       Blink             |       |     2 |     5 |     3 |    13 |    10 |    13 ||    46
       Poisonous Vapours |       |       |    41 |    74 |   130 |   213 |   354 ||   812
       Ignite Poison     |       |       |    22 |    44 |    71 |   123 |   247 ||   507
       Mephitic Cloud    |       |       |     7 |    11 |     6 |    17 |    31 ||    72
       Hailstorm         |       |       |     2 |    33 |    32 |    94 |    81 ||   242
       Animate Dead      |       |       |       |     1 |       |       |       ||     1
       Irradiate         |       |       |       |       |     7 |    15 |     6 ||    28
       Summon Cactus Gia |       |       |       |       |     2 |    13 |     5 ||    20
       Apportation       |       |       |       |       |       |     4 |     3 ||     7
       Orb of Destructio |       |       |       |       |       |    61 |    28 ||    89
       Spellforged Servi |       |       |       |       |       |       |     3 ||     3
Evoke: Wand              |       |       |       |       |       |     2 |     1 ||     3
       Phial of floods   |       |       |       |       |       |       |     1 ||     1
  Use: Scroll            |       |     3 |     9 |     3 |    13 |    15 |     7 ||    50
       Potion            |       |       |     1 |     1 |     2 |     2 |     1 ||     7
 Stab: Sleeping          |     2 |     2 |     2 |       |       |     4 |       ||    10
       Distracted        |       |     1 |     1 |     1 |     1 |    13 |     8 ||    25
       Confused          |       |       |     2 |     1 |       |       |     3 ||     6
Armor: Robe              |    12 |     8 |    45 |    27 |    85 |   185 |    38 ||   400
       Ring mail         |       |       |       |       |       |       |    62 ||    62
Dodge: Dodged            |    35 |    43 |   185 |    90 |   138 |   409 |   274 ||  1174
Block: Buckler           |       |     1 |    38 |    41 |    42 |   163 |   111 ||   396

Table legend: (Time is in decaauts)
 A = Elapsed time spent in this place.
 B = Non-inter-level travel time spent in this place.
 C = Inter-level travel time spent in this place.
 D = Time resting spent in this place.
 E = Time spent auto-exploring this place.
 F = Levels seen in this place.
 G = Mean time per level.
                   A        B        C        D        E       F      G
               +--------+--------+--------+--------+--------+-----+--------+
         Total |  49173 |  47376 |   1797 |  14042 |  23871 |  35 | 1404.9 |
       Dungeon |  21355 |  20603 |    752 |   7101 |   9841 |  15 | 1423.7 |
          Lair |   8840 |   8342 |    498 |   2470 |   4437 |   6 | 1473.3 |
        Shoals |   4839 |   4639 |    200 |    772 |   2866 |   4 | 1209.8 |
     Snake Pit |   8068 |   7898 |    170 |   2123 |   4007 |   4 | 2017.0 |
  Orcish Mines |   2167 |   2044 |    123 |    437 |    991 |   2 | 1083.5 |
        Vaults |   2588 |   2537 |     51 |    621 |   1351 |   2 | 1294.0 |
         Sewer |    836 |    836 |      0 |    441 |    205 |   1 |  836.0 |
      Gauntlet |    478 |    478 |      0 |     76 |    173 |   1 |  478.0 |
               +--------+--------+--------+--------+--------+-----+--------+

Top non-repeatable levels by time:
 Snake:3: 2679 daAuts
 Snake:4: 2447 daAuts
     D:3: 1993 daAuts
     D:6: 1967 daAuts
     D:5: 1940 daAuts
     D:8: 1910 daAuts
  Lair:3: 1848 daAuts
    D:10: 1827 daAuts
  Lair:4: 1725 daAuts
     D:1: 1717 daAuts
  Lair:1: 1600 daAuts
     D:7: 1574 daAuts
Shoals:4: 1566 daAuts
 Snake:1: 1516 daAuts
Shoals:1: 1436 daAuts
